 Dungeon Crawl Stone Soup version 0.19.1-1-g22dce08 (webtiles) character file.

31691 Mefis the Thaumaturge (level 13, 0/72 HPs)
             Began as a Deep Elf Wizard on Jan 15, 2017.
             Was an Elder of Sif Muna.
             Slain by a swamp worm (25 damage)
             ... on level 4 of the Lair of Beasts.
             The game lasted 01:17:26 (24017 turns).

Mefis the Thaumaturge (Deep Elf Wizard)            Turns: 24017, Time: 01:17:27

Health: 0/72       AC:  4    Str:  4    XL:     13   Next: 27%
Magic:  28/32      EV: 22    Int: 29    God:    Sif Muna [****..]
Gold:   942        SH:  5    Dex: 13    Spells: 11 memorised, 2 levels left

rFire  . . .     SeeInvis .     P - +4 short sword (venom)
rCold  . . .     Gourm    .     a - +0 robe
rNeg   . . .     Faith    .     I - +0 buckler
rPois  .         Spirit   .     w - +0 helmet
rElec  .         Reflect  .     E - +0 cloak
rCorr  .         Harm     .     (no gloves)
MR     +....                    (no boots)
Stlth  ++........               y - amulet of regeneration
                                t - +6 ring of evasion
                                O - ring of wizardry

@: repel missiles, divine energy
A: no striking features
a: Stop Divine Energy, Channel Magic, Forget Spell, Renounce Religion


You were on level 4 of the Lair of Beasts.
You worshipped Sif Muna.
Sif Muna was greatly pleased with you.
You were not hungry.

You visited 3 branches of the dungeon, and saw 17 of its levels.

You collected 942 gold pieces.

Inventory:

Hand Weapons
 P - a +4 short sword of venom (weapon)
Missiles
 j - 2 throwing nets
 p - 10 tomahawks (quivered)
 s - 2 curare-tipped needles
 u - 14 poisoned needles
Armour
 a - a +0 robe (worn)
 w - a +0 helmet (worn)
 E - a +0 cloak (worn)
 I - a +0 buckler (worn)
Jewellery
 m - an uncursed ring of see invisible
 t - a +6 ring of evasion (right hand)
 y - an amulet of regeneration (around neck)
 O - a ring of wizardry (left hand)
Wands
 g - a wand of digging (16/24)
 H - a wand of random effects (31/48)
 Q - a wand of flame (19/48)
 Y - a wand of random effects (7/48)
 Z - a wand of slowing (15/48)
Scrolls
 b - a scroll of vulnerability
 k - 4 scrolls of magic mapping
 v - 5 scrolls of remove curse
 B - 2 scrolls of teleportation
 J - a scroll of fear
 K - 3 scrolls of fog
 S - a scroll of blinking
 T - 2 scrolls of identify
 U - a scroll of enchant weapon
Potions
 e - 2 potions of degeneration {unknown}
 h - 7 potions of flight
 i - 3 potions of magic
 n - a potion of cancellation {unknown}
 o - 6 potions of curing
 q - a potion of agility {unknown}
 x - a potion of might {unknown}
 A - 2 potions of berserk rage {unknown}
 C - 2 potions of ambrosia
 M - a potion of heal wounds
 V - a potion of resistance {unknown}
Books
 c - a book of Minor Magic

   Spells                             Type                      Level
   a - Magic Dart                     Conjuration                  1
   b - Blink                          Translocation                2
   c - Call Imp                       Summoning                    2
   d - Repel Missiles                 Charms/Air                   2
   e - Slow                           Hexes                        2
   f - Conjure Flame                  Conjuration/Fire             3
   g - Mephitic Cloud                 Conjuration/Poison/Air       3
 f - Sif Muna's Almanac of Ghastly Summoning
   (Sif Muna gifted it to you on level 1 of the Lair of Beasts)

   Spells                             Type                      Level
   a - Pain                           Necromancy                   1
   b - Control Undead                 Necromancy                   4
   c - Cigotuvi's Embrace             Necromancy                   5
   d - Malign Gateway                 Summoning/Translocation      7
   e - Death's Door                   Charms/Necromancy            8
   f - Borgnjor's Revivification      Necromancy                   8
 z - a book of Geomancy

   Spells                             Type                      Level
   a - Sandblast                      Earth                        1
   b - Passwall                       Transmutation/Earth          2
   c - Stone Arrow                    Conjuration/Earth            3
   d - Petrify                        Transmutation/Earth          4
   e - Lee's Rapid Deconstruction     Earth                        5
 F - a book of Changes

   Spells                             Type                      Level
   a - Beastly Appendage              Transmutation                1
   b - Sticks to Snakes               Transmutation                2
   c - Spider Form                    Transmutation/Poison         3
   d - Ice Form                       Ice/Transmutation            4
   e - Blade Hands                    Transmutation                5
 G - a book of Beasts

   Spells                             Type                      Level
   a - Summon Butterflies             Summoning                    1
   b - Call Canine Familiar           Summoning                    3
   c - Summon Ice Beast               Ice/Summoning                4
   d - Summon Mana Viper              Hexes/Summoning              5
   e - Summon Hydra                   Summoning                    7
 N - a book of Cantrips

   Spells                             Type                      Level
   a - Confusing Touch                Hexes                        1
   b - Animate Skeleton               Necromancy                   1
   c - Summon Small Mammal            Summoning                    1
   d - Apportation                    Translocation                1
 R - Hosurphe's Grimoire of Supportive Earth
   (Sif Muna gifted it to you on level 3 of the Lair of Beasts)

   Spells                             Type                      Level
   a - Sandblast                      Earth                        1
   b - Summon Forest                  Summoning/Translocation      5
   c - Summon Demon                   Summoning                    5
   d - Iron Shot                      Conjuration/Earth            6
   e - Statue Form                    Transmutation/Earth          6
   f - Lehudib's Crystal Spear        Conjuration/Earth            8
Miscellaneous
 D - a phial of floods (inert)
Comestibles
 d - 10 bread rations
 l - 3 beef jerkies
 r - 13 fruits
 L - 2 meat rations
 W - 2 chunks of flesh


   Skills:
 - Level 4.4 Fighting
 - Level 7.8 Dodging
 - Level 5.0 Stealth
 - Level 4.2 Shields
 + Level 13.4 Spellcasting
 + Level 7.6 Conjurations
 - Level 7.7 Hexes
 + Level 4.7 Summonings
 - Level 4.2 Necromancy
 + Level 5.1 Translocations
 + Level 5.7 Transmutations
 - Level 3.1 Air Magic
 + Level 7.6 Earth Magic
   Level 3.4 Poison Magic
 + Level 7.2 Invocations
 + Level 6.7 Evocations


You had 2 spell levels left.
You knew the following spells:

 Your Spells              Type           Power        Failure   Level  Hunger
a - Magic Dart            Conj           ####         1%          1    None
b - Summon Butterflies    Summ           #####...     1%          1    None
c - Blink                 Tloc           N/A          1%          2    None
d - Iron Shot             Conj/Erth      ######....   7%          6    ####...
f - Lee's Rapid Deconstr  Erth           ######....   1%          5    #......
g - Slow                  Hex            ######..     1%          2    None
h - Petrify               Tmut/Erth      ######..     1%          4    None
n - Summon Forest         Summ/Tloc      #####.....   4%          5    #......
o - Repel Missiles        Chrm/Air       ####..       1%          2    None
p - Cigotuvi's Embrace    Necr           #####.....   6%          5    #......
s - Stone Arrow           Conj/Erth      ######       1%          3    None


Dungeon Overview and Level Annotations

Branches:
Dungeon (12/15)            Temple (1/1) D:5            Lair (4/6) D:11
 Shoals (0/4) Lair:2       Spider (0/4) Lair:2          Orc (0/2) D:10

Altars:
Ashenzari
Cheibriados
Dithmenos
Elyvilon
Fedhas
Gozag
Hepliaklqana
Kikubaaqudgha
Makhleb
Nemelex Xobeh
Okawaru
Qazlal
Ru
Sif Muna
Trog
Uskayaw
Vehumet
Xom
Yredelemnul
Zin
The Shining One
Beogh

Shops:
D:11 (

Annotations:
D:12 Fannar


Message History

Press: ? - help, Shift-Dir - straight line, f - swamp worm
Aim: a swamp worm The iron shot hits the swamp worm.
You kill the swamp worm!
Sif Muna accepts your kill.
You are feeling very hungry.
You butcher the swamp worm corpse.
W - 3 chunks of flesh Eat one of 3 chunks of flesh? (ye/n/q)
You start eating one of the 3 chunks of flesh.
This raw flesh tastes terrible.
A swamp worm bursts forth from the water.
The swamp worm closely misses you.
A swamp worm bursts forth from the water.
The swamp worm bites you!! The swamp worm misses you.
The swamp worm barely misses you. The swamp worm closely misses you.
The swamp worm bites you. You block the swamp worm's attack.
The swamp worm bites you!! The swamp worm closely misses you.
The swamp worm bites you!!
You die...

........# #.#
........##### #.# ###
.......###P.####.######.#
......(.................#
.......P##P≈≈≈≈≈≈≈P.#####
.......##≈≈≈≈≈≈≈≈≈≈≈##
........≈≈≈#######≈≈≈###
.......#≈≈##≈≈≈≈≈#P≈≈≈≈#
.......#≈≈#?≈≈≈w@≈≈≈≈####
........≈≈##≈≈≈w≈#P≈≈...##
........≈≈≈#######≈≈≈...[#
.......#≈≈≈≈≈≈≈≈≈≈≈≈....##
.........≈≈≈≈≈≈≈≈≈......##
........###≈P............#
.........####...........##
.........................#
........##.##.......[....#


You could see 2 swamp worms.

Vanquished Creatures
  4 hydras
  2 death yaks (Lair:3)
  An unseen horror (D:12)
  3 hill giants
  An oklob plant (Lair:2)
  An ugly thing (D:11)
  A cyclops (D:11)
  A black mamba (Lair:2)
  Joseph (D:8)
  7 spiny frogs
  A rime drake (Lair:3)
  A yaktaur (D:10)
  A torpor snail (Lair:3)
  5 komodo dragons
  A troll (D:9)
  3 slime creatures (D:12)
  A hornet (D:7)
  7 dream sheep (Lair:2)
  Grinder (D:4)
  9 blink frogs
  6 hippogriffs
  3 wyverns
  2 wraiths (D:9)
  A tarantella (Lair:2)
  2 basilisks (Lair:2)
  19 yaks
  Eustachio (D:6)
  Edmund (D:6)
  Menkaure (D:4)
  A steam dragon (D:11)
  4 swamp worms (Lair:4)
  2 hell hounds (D:11)
  7 water moccasins
  2 porcupines
  2 ice beasts
  3 orc warriors
  A sky beast (D:11)
  A black bear (D:8)
  A phantom (D:8)
  5 ogres
  7 wolves
  10 centaurs
  2 necrophages
  4 crocodiles
  Blork the orc (D:6)
  An elf zombie (D:9)
  2 big kobolds
  15 bullfrogs
  A gnoll sergeant (D:10)
  2 scorpions
  9 killer bees
  6 wights
  A howler monkey (D:4)
  2 electric eels
  6 crimson imps
  A bullfrog zombie (D:5)
  12 orc wizards
  3 jellies
  Crazy Yiuf (D:4)
  9 hounds
  4 human zombies (D:9)
  4 orc priests
  4 iguanas
  A human skeleton (D:9)
  14 worker ants
  An ogre zombie (D:9)
  2 mummies (D:9)
  A hound skeleton (D:8)
  9 gnolls
  A worker ant zombie (D:8)
  20 adders
  3 shadow imps
  12 white imps (Lair:2)
  3 adder skeletons
  14 worms
  4 dart slugs
  4 leopard geckos
  28 orcs
  3 ball pythons
  7 giant cockroaches
  3 goblins
  6 hobgoblins
  10 jackals
  14 kobolds
  A quokka (D:4)
  6 bats
  2 frilled lizards
  A giant cockroach zombie (D:6)
  A jackal zombie (D:5)
  4 rats
399 creatures vanquished.

Vanquished Creatures (collateral kills)
  The ghost of Apogee the Cleaver, a journeyman MiFi (Lair:3)
  The ghost of Yoshimo the Fighter, a novice DDWz of Makhleb (D:9)
  A rime drake (Lair:4)
  2 blink frogs (Lair:4)
  A hippogriff (Lair:4)
  4 yaks (Lair:4)
  A water moccasin (Lair:4)
  2 wolves (Lair:4)
  An ooze (D:2)
  A worm (D:2)
  7 orcs
  2 giant cockroaches (D:3)
  A hobgoblin (D:2)
  A kobold (D:2)
  A plant (Lair:4)
27 creatures vanquished.

Vanquished Creatures (others)
  A fungus (Lair:2)
  3 plants
  2 snaplasher vines (Lair:4)
6 creatures vanquished.

Grand Total: 432 creatures vanquished

Notes
Turn   | Place    | Note
-------+----------+-------------------------------------------
     0 | D:1      | Mefis the Deep Elf Wizard began the quest for the Orb.
     0 | D:1      | Reached XP level 1. HP: 10/10 MP: 7/7
   938 | D:1      | Reached XP level 2. HP: 15/15 MP: 4/9
   942 | D:1      | Learned a level 2 spell: Call Imp
   945 | D:1      | Learned a level 2 spell: Blink
   948 | D:1      | Learned a level 2 spell: Repel Missiles
  1333 | D:2      | Reached XP level 3. HP: 16/19 MP: 8/11
  1338 | D:2      | Learned a level 3 spell: Mephitic Cloud
  1573 | D:2      | Reached skill level 5 in Spellcasting
  2118 | D:2      | Reached XP level 4. HP: 24/24 MP: 9/13
  2123 | D:2      | Learned a level 3 spell: Conjure Flame
  2138 | D:2      | Found a faded altar of an unknown god.
  2467 | D:3      | Reached skill level 1 in Air Magic
  2753 | D:3      | Reached skill level 1 in Poison Magic
  3233 | D:3      | Reached XP level 5. HP: 20/28 MP: 5/15
  3237 | D:3      | Learned a level 2 spell: Slow
  3630 | D:3      | Reached skill level 1 in Hexes
  3850 | D:4      | Reached skill level 6 in Spellcasting
  3908 | D:4      | Reached XP level 6. HP: 25/32 MP: 7/17
  4268 | D:4      | Found a runed door.
  4289 | D:4      | Noticed Menkaure
  4301 | D:4      | Killed Menkaure
  4383 | D:4      | Reached skill level 7 in Spellcasting
  4383 | D:4      | Reached XP level 7. HP: 20/36 MP: 13/19
  4436 | D:4      | Learned a level 3 spell: Stone Arrow
  4851 | D:4      | Noticed Grinder
  4882 | D:4      | Killed Grinder
  5354 | D:4      | Noticed Crazy Yiuf
  5358 | D:4      | Killed Crazy Yiuf
  5358 | D:4      | Reached skill level 1 in Earth Magic
  5417 | D:5      | Entered Level 5 of the Dungeon
  5961 | D:5      | Found a staircase to the Ecumenical Temple.
  5970 | Temple   | Entered the Ecumenical Temple
  6035 | Temple   | Became a worshipper of Sif Muna the Loreminder
  6815 | D:6      | Reached XP level 8. HP: 28/41 MP: 7/21
  7130 | D:6      | Learned a level 4 spell: Petrify
  7159 | D:6      | Noticed Eustachio
  7177 | D:6      | Killed Eustachio
  7340 | D:6      | Reached skill level 5 in Stealth
  7550 | D:6      | Noticed Edmund
  7579 | D:6      | Reached skill level 8 in Spellcasting
  7684 | D:6      | Killed Edmund
  7684 | D:6      | Reached skill level 1 in Fighting
  7684 | D:6      | Reached skill level 1 in Transmutations
  7785 | D:6      | Reached * piety under Sif Muna
  7785 | D:6      | Reached skill level 5 in Dodging
  7842 | D:6      | Reached skill level 1 in Shields
  7842 | D:6      | Reached skill level 1 in Invocations
  7846 | D:6      | Noticed Blork the orc
  7963 | D:6      | Killed Blork the orc
  8103 | D:6      | Reached skill level 1 in Evocations
  8749 | D:7      | Reached XP level 9. HP: 48/48 MP: 19/23
  8804 | D:7      | Reached skill level 9 in Spellcasting
  9660 | D:8      | Reached ** piety under Sif Muna
  9660 | D:8      | Reached skill level 5 in Hexes
 10108 | D:8      | Noticed Joseph
 10122 | D:8      | Killed Joseph
 10246 | D:8      | Learned a level 5 spell: Lee's Rapid Deconstruction
 10259 | D:8      | Reached skill level 10 in Spellcasting
 10756 | D:9      | Noticed Yoshimo's ghost (novice DDWz)
 11298 | D:9      | Killed Yoshimo's ghost
 11298 | D:9      | Reached XP level 10. HP: 15/54 MP: 0/26
 11477 | D:9      | Reached skill level 5 in Conjurations
 11887 | D:9      | Reached *** piety under Sif Muna
 12827 | D:9      | Found an ancient bone altar of Kikubaaqudgha.
 12870 | D:10     | Entered Level 10 of the Dungeon
 12944 | D:10     | Reached skill level 11 in Spellcasting
 12957 | D:10     | Noticed a hill giant
 13004 | D:9      | Killed a hill giant
 13358 | D:10     | Noticed a hill giant
 13717 | D:10     | Killed a hill giant
 14021 | D:10     | Found a staircase to the Orcish Mines.
 14044 | D:9      | Reached XP level 11. HP: 60/60 MP: 3/28
 14248 | D:10     | Found a roughly hewn altar of Beogh.
 14474 | D:10     | Reached **** piety under Sif Muna
 14793 | D:10     | Reached skill level 5 in Earth Magic
 15493 | D:11     | Found a staircase to the Lair.
 15785 | D:11     | Noticed a hill giant
 15843 | D:11     | Killed a hill giant
 16321 | D:11     | Found Jiditup's Weapon Shop.
 16887 | D:12     | Noticed Fannar
 16980 | D:12     | Noticed an unseen horror
 16983 | D:12     | Killed an unseen horror
 16983 | D:12     | Reached skill level 5 in Invocations
 17025 | D:12     | Reached skill level 12 in Spellcasting
 17429 | Lair:1   | Entered Level 1 of the Lair of Beasts
 17677 | Lair:1   | Noticed a six-headed hydra
 17691 | Lair:1   | Killed a six-headed hydra
 17865 | D:11     | Noticed a red ugly thing
 17908 | D:11     | Killed a red ugly thing
 17908 | D:11     | Reached skill level 5 in Transmutations
 18155 | Lair:1   | Reached ***** piety under Sif Muna
 18155 | Lair:1   | Identified Sif Muna's Almanac of Ghastly Summoning (Sif Muna gifted it to you on level 1 of the Lair of Beasts)
 18155 | Lair:1   | Received a gift from Sif Muna
 18155 | Lair:1   | Reached XP level 12. HP: 67/67 MP: 15/30
 18164 | Lair:1   | Learned a level 5 spell: Cigotuvi's Embrace
 18568 | Lair:1   | Noticed a six-headed hydra
 18582 | Lair:1   | Killed a six-headed hydra
 18582 | Lair:1   | Reached skill level 1 in Necromancy
 18778 | Lair:1   | Reached skill level 5 in Evocations
 19602 | Lair:2   | Got a faintly glowing cloak
 19613 | Lair:2   | Identified the +0 cloak of the Lich-sworn {Regen+ Int-5 SInv} (You found it on level 2 of the Lair of Beasts)
 20218 | Lair:2   | Found a hole to the Spider Nest.
 20704 | Lair:2   | Found a staircase to the Shoals.
 20718 | Lair:2   | Learned a level 1 spell: Summon Butterflies
 21192 | Lair:2   | Reached skill level 13 in Spellcasting
 21493 | Lair:3   | Noticed a death yak
 21499 | Lair:3   | Noticed a death yak
 21691 | Lair:3   | Identified Hosurphe's Grimoire of Supportive Earth (Sif Muna gifted it to you on level 3 of the Lair of Beasts)
 21691 | Lair:3   | Received a gift from Sif Muna
 21702 | Lair:3   | Learned a level 5 spell: Summon Forest
 21709 | Lair:3   | Learned a level 6 spell: Iron Shot
 21735 | Lair:3   | Killed a death yak
 21954 | Lair:3   | Noticed a four-headed hydra
 22008 | Lair:3   | Killed a four-headed hydra
 22259 | Lair:3   | Killed a death yak
 22259 | Lair:3   | Reached XP level 13. HP: 72/72 MP: 13/32
 22290 | Lair:3   | Noticed Apogee's ghost (journeyman MiFi)
 22299 | Lair:3   | Killed Apogee's ghost
 23089 | Lair:4   | Reached skill level 5 in Translocations
 24017 | Lair:4   | Slain by a swamp worm

Skill      XL: |  1  2  3  4  5  6  7  8  9 10 11 12 13 |
---------------+----------------------------------------+-----
Conjurations   | 2 3 4 5 7 |  7.6
Stealth        | 3 4 5 |  5.0
Spellcasting   | 5 6 7 8 10 11 12 13 | 13.4
Dodging        | 3 4 5 6 7 |  7.8
Air Magic      | 1 2 3 |  3.1
Poison Magic   | 1 2 3 |  3.4
Hexes          | 1 2 3 4 5 6 7 |  7.7
Earth Magic    | 1 2 3 4 5 7 |  7.6
Fighting       | 1 2 3 4 |  4.4
Transmutations | 2 3 5 |  5.7
Shields        | 1 2 3 4 |  4.2
Invocations    | 1 2 4 5 7 |  7.2
Evocations     | 1 2 3 4 6 |  6.7
Necromancy     | 4 |  4.2
Summonings     | 4 |  4.7
Translocations | 4 5 |  5.1

Action                   |  1- 3 |  4- 6 |  7- 9 | 10-12 | 13-15 || total
-------------------------+-------+-------+-------+-------+-------++-------
Melee: Dagger            |     4 |    46 |    32 |       |       ||    82
       Short sword       |       |       |    83 |   103 |    56 ||   242
Throw: Tomahawk          |       |     1 |     2 |       |       ||     3
 Cast: Magic Dart        |    78 |    99 |   112 |    87 |       ||   376
       Call Imp          |     8 |     5 |     5 |     3 |       ||    21
       Repel Missiles    |     1 |     1 |       |     2 |       ||     4
       Mephitic Cloud    |       |     6 |    18 |    19 |       ||    43
       Slow              |       |     1 |     2 |    11 |       ||    14
       Stone Arrow       |       |       |   131 |   292 |    23 ||   446
       Conjure Flame     |       |       |     5 |     5 |       ||    10
       Blink             |       |       |     2 |    13 |       ||    15
       Lee's Rapid Decon |       |       |    13 |    76 |     7 ||    96
       Iron Shot         |       |       |       |     9 |    13 ||    22
       Summon Forest     |       |       |       |       |     4 ||     4
Invok: Divine Energy     |       |       |       |     2 |       ||     2
       Forget Spell      |       |       |       |     3 |       ||     3
       Stop Divine Energ |       |       |       |     1 |       ||     1
Evoke: Wand              |       |       |       |    11 |     1 ||    12
       Phial of floods   |       |       |       |       |     1 ||     1
  Use: Scroll            |       |       |     6 |    12 |     1 ||    19
       Potion            |       |       |       |     1 |       ||     1
 Stab: Sleeping          |       |     5 |     4 |     6 |     1 ||    16
       Confused          |       |       |     2 |     2 |       ||     4
       Distracted        |       |       |     1 |       |       ||     1
  Eat: Chunk             |     3 |     7 |    18 |    28 |     7 ||    63
       Meat ration       |       |       |     1 |     2 |       ||     3
       Royal jelly       |       |       |       |     1 |       ||     1
       Pizza             |       |       |       |     1 |       ||     1
Armor: Robe              |     4 |     7 |    23 |    20 |     4 ||    58
Dodge: Dodged            |    12 |    30 |    96 |   202 |    63 ||   403
       Deflected         |       |     2 |     1 |    15 |       ||    18
Block: Buckler           |       |       |       |    13 |    17 ||    30
